 Dungeon Crawl Stone Soup version 0.19.4-25-g1b72edd (webtiles) character file.

783 vatarom the Insei (level 7, 0/43 HPs)
             Began as an Octopode Transmuter on Feb 28, 2017.
             Was a Follower of Sif Muna.
             Slain by a centaur (8 damage)
             ... on level 6 of the Dungeon.
             The game lasted 00:10:17 (5241 turns).

vatarom the Insei (Octopode Transmuter)             Turns: 5241, Time: 00:10:17

Health: 0/43       AC:  1    Str: 14    XL:     7   Next: 86%
Magic:  8/10       EV: 13    Int: 15    God:    Sif Muna [*.....]
Gold:   252        SH:  2    Dex: 15    Spells: 3 memorised, 4 levels left

rFire  . . .     SeeInvis .       - Unarmed
rCold  . . .     Gourm    .     c - -1 buckler (curse)
rNeg   . . .     Faith    .     (helmet restricted)
rPois  .         Spirit   .     g - amulet of rage
rElec  .         Reflect  .     (no ring)
rCorr  .         Harm     .     (no ring)
MR     .....                    (no ring)
Stlth  ++........               (no ring)
                                (no ring)
                                (no ring)
                                (no ring)
                                (no ring)

@: mighty
A: almost no armour, stealthy swim, amphibious, 8 rings, constrict 8, camouflage
1, gelatinous body 1
a: Divine Energy, Renounce Religion, Evoke Berserk Rage


You were on level 6 of the Dungeon.
You worshipped Sif Muna.
Sif Muna was aware of your devotion.
You were not hungry.

You visited 2 branches of the dungeon, and saw 7 of its levels.

You collected 252 gold pieces.

Inventory:

Missiles
 a - 55 arrows
Armour
 c - a cursed -1 buckler (worn)
Jewellery
 g - an amulet of rage (around mantle)
Scrolls
 d - 4 scrolls of identify
 j - 3 scrolls of teleportation
 l - 2 scrolls of immolation
 m - a scroll of fog
 n - a scroll of recharging
 p - a scroll of enchant weapon
 q - 4 scrolls of magic mapping
 s - a scroll of remove curse
Potions
 i - 2 potions of curing
 k - a potion of haste
Books
 b - a book of Changes

   Spells                             Type                      Level
   a - Beastly Appendage              Transmutation                1
   b - Sticks to Snakes               Transmutation                2
   c - Spider Form                    Transmutation/Poison         3
   d - Ice Form                       Ice/Transmutation            4
   e - Blade Hands                    Transmutation                5
Comestibles
 f - a bread ration
 h - 2 meat rations
 r - a chunk of flesh


   Skills:
 - Level 1.0 Fighting
 - Level 2.0 Dodging
 + Level 6.6 Unarmed Combat
 - Level 2.0 Spellcasting
 + Level 6.4 Transmutations


You had 4 spell levels left.
You knew the following spells:

 Your Spells              Type           Power        Failure   Level  Hunger
a - Beastly Appendage     Tmut           ###...       3%          1    #......
b - Sticks to Snakes      Tmut           ###.....     6%          2    ###....
c - Spider Form           Tmut/Pois      ##........   34%         3    ###....


Dungeon Overview and Level Annotations

Branches:
Dungeon (6/15)             Temple (1/1) D:5

Altars:
Ashenzari
Cheibriados
Dithmenos
Fedhas
Hepliaklqana
Kikubaaqudgha
Makhleb
Nemelex Xobeh
Okawaru
Qazlal
Sif Muna
Trog
Uskayaw
Vehumet
Xom
Yredelemnul
The Shining One

Shops:
D:6 =


Innate Abilities, Weirdness & Mutations

You cannot wear most types of armour.
You are very stealthy in the water. (Stealth+)
You are amphibious.
You can wear up to eight rings at the same time.
You can use your tentacles to constrict eight enemies at once.
Your skin changes colour to match your surroundings (Stealth+).
Your rubbery body absorbs attacks. (AC +1, EV +1)


Message History

The howler monkey is severely wounded.
Your transformation has ended.
Your cursed -1 buckler unmelds from your body.
The howler monkey barely misses you.
You bludgeon the howler monkey!
You kill the howler monkey!
Sif Muna accepts your kill.
The centaur shoots an arrow.
The arrow hits you!
The orc priest calls down the wrath of Beogh upon you.
Beogh smites you!
* * * LOW HITPOINT WARNING * * *
2 orc warriors come into view.
The centaur unwields an uncursed shortbow.
The centaur closely misses you. The centaur hits you!
* * * LOW HITPOINT WARNING * * *
An orc comes into view. It is wielding a hand axe.
Items here: )) [[ ††† Unknown command.
You feel better. The centaur hits you!
You die...

#....##. #.#
#....##.##.# #....#
..#.# .c##o...###.#.#
h..'....('o....#
...##...#'#o...# .
#...+∩+.#..#
#...#'###.o#######
#.....# #.oc@(...+
####### #.>#######
#..# #..# #).#
#############..#####
....................#
###################.#


You could see an orc warrior, a centaur, an orc priest, an orc wizard and an
orc.

Vanquished Creatures
  Edmund (D:6)
  An ogre (D:6)
  Blork the orc (D:4)
  A howler monkey (D:6)
  A crimson imp (D:6)
  A hound (D:4)
  An orc wizard (D:3)
  An orc priest (D:3)
  A bullfrog skeleton (D:5)
  A centaur skeleton (D:5)
  4 worker ants
  Robin (D:4)
  A gnoll (D:1)
  8 adders
  An ooze (D:1)
  An adder zombie (D:6)
  3 worms
  3 dart slugs (D:1)
  3 leopard geckos
  3 orcs
  8 bats
  5 giant cockroaches
  10 hobgoblins
  18 jackals
  9 kobolds
  3 frilled lizards
  17 goblins
  A leopard gecko skeleton (D:4)
  8 rats
117 creatures vanquished.

Vanquished Creatures (collateral kills)
  A jackal (D:3)
  2 goblins
3 creatures vanquished.

Grand Total: 120 creatures vanquished

Notes
Turn   | Place    | Note
-------+----------+-------------------------------------------
     0 | D:1      | vatarom the Octopode Transmuter began the quest for the Orb.
     0 | D:1      | Reached XP level 1. HP: 13/13 MP: 3/3
    97 | D:1      | Reached XP level 2. HP: 16/18 MP: 5/5
   101 | D:1      | Learned a level 2 spell: Sticks to Snakes
   298 | D:1      | Reached XP level 3. HP: 14/23 MP: 6/6
   350 | D:1      | HP: 1/23 [leopard gecko (2)]
   686 | D:1      | Found a hide-covered altar of Uskayaw.
   691 | D:1      | Learned a level 3 spell: Spider Form
  1170 | D:2      | Found a bloodstained altar of Trog.
  1170 | D:2      | Found a hide-covered altar of Uskayaw.
  1324 | D:2      | Reached XP level 4. HP: 24/28 MP: 7/7
  1834 | D:3      | Reached XP level 5. HP: 26/33 MP: 1/8
  1967 | D:3      | Found a deep blue altar of Sif Muna.
  1970 | D:3      | Became a worshipper of Sif Muna the Loreminder
  2958 | D:4      | Noticed Blork the orc
  2971 | D:4      | Killed Blork the orc
  2971 | D:4      | Reached skill level 5 in Unarmed Combat
  2971 | D:4      | Reached XP level 6. HP: 31/38 MP: 6/9
  3377 | D:4      | Noticed Robin
  3388 | D:4      | Reached skill level 5 in Transmutations
  3404 | D:4      | Killed Robin
  4283 | D:5      | Entered Level 5 of the Dungeon
  4403 | D:5      | Reached XP level 7. HP: 43/43 MP: 10/10
  4487 | D:5      | Reached * piety under Sif Muna
  4544 | D:5      | Found a staircase to the Ecumenical Temple.
  4576 | Temple   | Entered the Ecumenical Temple
  5138 | D:6      | Found a blossoming altar of Fedhas.
  5140 | D:6      | Found a stormy altar of Qazlal.
  5204 | D:6      | Found Vosch's Jewellery Shop.
  5205 | D:6      | Noticed Edmund
  5228 | D:6      | Killed Edmund
  5240 | D:6      | HP: 2/43 [centaur (10)]
  5241 | D:6      | Slain by a centaur

Skill      XL: |  1  2  3  4  5  6  7 |
---------------+----------------------+-----
Transmutations | 3 4 5 6 |  6.4
Unarmed Combat | 4 5 6 |  6.6
Fighting       | |  1.0
Dodging        | |  2.0
Spellcasting   | |  2.0

Action                   |  1- 3 |  4- 6 |  7- 9 || total
-------------------------+-------+-------+-------++-------
Melee: Unarmed           |    82 |   174 |    52 ||   308
       Constrict         |    19 |    29 |     8 ||    56
       Tentacles         |    10 |    23 |     8 ||    41
       Kick              |     2 |     4 |       ||     6
       Punch             |     4 |     7 |     1 ||    12
 Cast: Beastly Appendage |     3 |     1 |     1 ||     5
       Sticks to Snakes  |     3 |     2 |     1 ||     6
       Spider Form       |     2 |    10 |     1 ||    13
  Use: Scroll            |     7 |     5 |       ||    12
       Potion            |       |     7 |     3 ||    10
 Stab: Sleeping          |     5 |     5 |     2 ||    12
  Eat: Chunk             |     2 |     4 |     2 ||     8
       Beef jerky        |       |     2 |       ||     2
       Bread ration      |       |     1 |       ||     1
       Royal jelly       |       |     1 |       ||     1
Armor: Skin              |    10 |    10 |     3 ||    23
Dodge: Dodged            |    48 |   127 |    32 ||   207
Block: Buckler           |       |     1 |     3 ||     4
